Map: 暮色之塔

Players

大和型戦舰一番舰 - Winner!

  • Race: Terran Terran
  • League: Platinum

Quail

  • Race: Protoss Protoss
  • League: Diamond

VOD

Have the link to the VOD?

Description

Time

  • Played on: Dec. 4, 2015, 10:39 a.m.
  • Length: 15:21
Show
View Real Time Build Order
Export as new Build Order

大和型戦舰一番舰 Terran - Winner!

Build Orders: Reaper Expand, MMM Bio 

Get SALT Encoding   

  12  0:00  SCV  
  13  0:13  SCV  
  14  0:17  Supply Depot  
  14  0:25  SCV  
  15  0:39  SCV  
  15  0:40  Barracks  
  16  0:44  Refinery  
  16  0:51  SCV  
  17  1:03  SCV  
  18  1:15  SCV  
  19  1:27  Orbital Command  
  19  1:28  Reaper  
  19  1:29  Supply Depot  
  20  1:50  Command Center  
  20  1:53  SCV  
  21  2:00  Refinery  
  21  2:05  SCV  
  22  2:12  Factory  
  22  2:13  Barracks Tech Lab  
  22  2:17  SCV  
  23  2:24  Barracks  
  23  2:29  SCV  
  24  2:41  SCV  
  24  2:45  Marauder  
  26  2:53  SCV  
  26  2:55  Factory Tech Lab  
  27  3:01  Orbital Command  
  27  3:04  Refinery  
  28  3:05  SCV  
  28  3:08  Marauder  
  28  3:11  Barracks Reactor  
  30  3:20  Cyclone  
  30  3:22  SCV  
  34  3:29  SCV  
  35  3:34  SCV, Refinery  
  35  3:40  Starport  
  36  3:41  SCV  
  36  3:46  SCV, Concussive Shells  
  38  3:48  Marine x2  
  38  3:53  SCV, Marauder  
  43  3:59  SCV  
  44  4:05  SCV  
  45  4:11  SCV  
  46  4:20  Supply Depot  
  46  4:21  Starport Reactor  
  46  4:25  Supply Depot  
  46  4:41  SCV, Cyclone, Marine x2  
  46  4:42  Liberator x2, Marauder  
  54  4:47  SCV  
  52  4:54  SCV  
  52  4:59  SCV  
  58  5:01  Marine x2  
  58  5:02  Supply Depot  
  58  5:03  Marine  
  58  5:04  Stimpack  
  61  5:11  SCV  
  62  5:17  Supply Depot  
  62  5:23  SCV x2, Marauder  
  66  5:29  Barracks  
  66  5:35  SCV x2  
  66  5:37  Barracks  
  66  5:42  Liberator x2  
  68  5:45  Marauder  
  68  5:47  SCV x2  
  72  6:02  Command Center  
  78  6:06  Supply Depot  
  78  6:24  Supply Depot  
  78  6:27  SCV x2, Marauder  
  82  6:39  SCV x2  
  84  6:42  Marine x2  
  84  6:46  Supply Depot, Marine x2  
  88  6:48  Marine  
  88  6:51  SCV x2  
  91  7:04  Marine  
  89  7:21  Marine  
  88  7:26  Marauder, Marine  
  90  7:32  Command Center, Supply Depot  
  84  7:39  Liberator  
  70  7:47  Marauder  
  63  7:54  SCV, Refinery  
  63  7:56  Marine x2  
  67  8:00  Barracks Reactor, Barracks  
  67  8:02  SCV, Barracks  
  67  8:03  Barracks Tech Lab  
  67  8:06  SCV  
  67  8:09  Marauder  
  67  8:11  Liberator  
  70  8:14  SCV, Marine x2  
  70  8:15  Combat Shields  
  70  8:17  Fusion Core  
  70  8:18  SCV  
  74  8:21  Liberator  
  74  8:25  Refinery, Engineering Bay  
  74  8:28  Engineering Bay  
  74  8:29  Marine  
  74  8:30  Marauder  
  74  8:32  Marine x2  
  85  8:48  Marauder  
  87  8:49  Marine  
  87  8:50  Marine  
  87  8:51  Planetary Fortress  
  87  8:52  Marauder  
  87  8:54  SCV  
  92  9:07  Marine x2  
  92  9:09  Marauder  
  96  9:10  Orbital Command  
  96  9:12  Marine x3  
  96  9:13  Marauder, Marine  
  102  9:20  Medivac  
  102  9:21  Medivac  
  106  9:25  SCV, Marine x2  
  106  9:30  Marauder, Marine x4  
  112  9:34  Marine  
  99  9:51  Marine  
  99  9:52  Marauder  
  88  9:56  SCV  
  88  9:57  Medivac x2  
  88  9:58  Marine x3  
  93  10:02  SCV  
  94  10:09  Refinery  
  94  10:10  Terran Infantry Weapons Level 1, Marauder  
  94  10:14  SCV, Barracks, Marauder  
  98  10:15  Marine x3  
  98  10:16  Marine  
  98  10:18  Barracks  
  103  10:26  SCV  
  108  10:31  Marauder  
  108  10:32  Marine x2  
  108  10:33  Marine x3  
  108  10:35  Marauder  
  113  10:52  Marine  
  113  10:56  Marauder  
  116  10:59  Marine x4  
  116  11:00  Marine x2  
  122  11:06  Supply Depot, Marine x2  
  122  11:10  Liberator, Marine  
  125  11:17  Marine x4  
  125  11:18  Marauder, Marine  
  132  11:23  Marine  
  132  11:24  Marine  
  133  11:26  Advanced Ballistics  
  133  11:27  Marine  
  133  11:29  Marine  
  136  11:34  Marine  
  136  11:35  Marine x4  
  120  11:57  Barracks Tech Lab x4  
  120  11:58  Marine x2  
  120  11:59  Marine x4  
  126  12:04  Terran Infantry Armor Level 1, Supply Depot  
  126  12:07  Armory  
  126  12:08  Barracks  
  126  12:19  Widow Mine x2  
  126  12:20  Marine x3  
  126  12:21  Marine x5  
  121  12:31  Liberator  
  107  12:47  SCV  
  107  12:48  Marine  
  107  12:49  Marine x5  
  107  12:50  Marine x4  
  121  12:57  Barracks Tech Lab  
  121  12:58  Starport  
  121  13:06  Marine x2  
  121  13:07  Marauder  
  121  13:08  Marauder x5  
  133  13:13  Liberator  
  133  13:24  Marauder  
  133  13:26  Barracks  
  135  13:29  Ghost Academy, Marauder x4  
  135  13:30  Marauder x2  
  150  13:46  Marauder  
  152  13:50  Marauder  
  152  13:51  Marauder x3  
  152  13:54  Supply Depot  
  160  13:57  Starport Reactor  
  160  14:07  Marauder  
  158  14:12  Marauder x2  
  160  14:29  Marauder  
  149  14:53  Marauder x3, Marine x2  
  149  14:59  Marine x2  
  157  15:02  Command Center  
Show
View Real Time Build Order
Export as new Build Order

Quail Protoss 

Build Orders: 1 Gate Expand 

Get SALT Encoding   

  12  0:01  Probe (Chrono Boost)  
  13  0:11  Probe (Chrono Boost)  
  14  0:17  Pylon  
  14  0:22  Probe (Chrono Boost)  
  16  0:35  Probe (Chrono Boost)  
  16  0:36  Gateway  
  16  0:46  Probe (Chrono Boost)  
  16  0:47  Assimilator  
  17  0:56  Probe (Chrono Boost)  
  18  1:18  Nexus  
  18  1:22  Probe (Chrono Boost)  
  19  1:33  Cybernetics Core  
  19  1:37  Probe (Chrono Boost)  
  20  1:47  Probe (Chrono Boost)  
  20  1:49  Pylon  
  21  1:58  Probe (Chrono Boost), Assimilator  
  22  2:08  Probe (Chrono Boost)  
  22  2:13  Adept (Chrono Boost)  
  24  2:19  Mothership Core (Chrono Boost)  
  26  2:29  Gateway  
  26  2:32  Warp Gate  
  26  2:38  Probe  
  26  2:46  Adept (Chrono Boost)  
  26  2:49  Probe  
  26  2:51  Probe  
  30  2:59  Probe  
  30  3:03  Probe  
  30  3:04  Twilight Council  
  32  3:10  Probe  
  33  3:15  Probe, Adept (Chrono Boost)  
  36  3:25  Probe  
  37  3:27  Probe  
  37  3:31  Adept (Chrono Boost), Pylon  
  40  3:41  Robotics Facility  
  40  3:47  Resonating Glaives (Chrono Boost), Probe  
  40  3:48  Probe  
  41  3:53  Adept  
  44  3:58  Probe  
  44  4:01  Pylon  
  41  4:24  Pylon  
  41  4:29  Gateway  
  41  4:30  Gateway  
  41  4:35  Stalker x2  
  45  4:45  Immortal  
  49  4:59  Stalker x2  
  53  5:00  Probe  
  53  5:02  Probe  
  55  5:07  Assimilator  
  55  5:11  Probe, Assimilator  
  57  5:14  Probe, Pylon  
  57  5:21  Probe, Blink (Chrono Boost)  
  57  5:24  Warp Prism  
  57  5:26  Probe  
  61  5:32  Probe  
  62  5:38  Probe  
  63  5:43  Nexus  
  63  5:56  Stalker  
  65  5:58  Stargate  
  65  6:00  Observer, Pylon  
  66  6:20  Stalker  
  66  6:21  Stalker x3  
  74  6:27  Immortal  
  68  6:41  Void Ray (Chrono Boost)  
  68  6:47  Stalker, Gateway  
  72  6:50  Stalker  
  76  7:06  Stalker x2  
  78  7:18  Stalker x2  
  78  7:21  Mothership Core  
  80  7:22  Stalker x2  
  74  7:37  Stalker x2  
  61  7:51  Adept x2  
  61  7:59  Probe x2  
  61  8:01  Probe  
  61  8:03  Void Ray (Chrono Boost)  
  68  8:06  Immortal  
  68  8:08  Stargate  
  68  8:10  Probe x2  
  74  8:13  Probe  
  75  8:21  Adept  
  75  8:22  Adept, Pylon  
  75  8:24  Pylon  
  79  8:31  Pylon  
  79  8:32  Adept x2  
  83  8:37  Probe x2  
  83  8:38  Probe  
  86  8:53  Probe x2, Fleet Beacon  
  86  8:54  Probe  
  89  8:58  Stalker x2  
  93  9:04  Forge  
  93  9:07  Observer  
  94  9:12  Probe  
  94  9:14  Probe  
  94  9:16  Assimilator  
  96  9:21  Assimilator  
  96  9:24  Pylon x2  
  96  9:34  Stalker x3  
  96  9:35  Stalker, Probe  
  96  9:37  Probe  
  82  9:57  Stalker  
  80  10:00  Stalker x4  
  92  10:09  Void Ray (Chrono Boost)  
  92  10:12  Void Ray (Chrono Boost)  
  96  10:22  Stalker  
  96  10:23  Probe  
  96  10:24  Probe  
  100  10:30  Gateway  
  100  10:36  Gateway  
  100  10:38  Immortal  
  100  10:50  Adept x4  
  100  10:51  Adept  
  110  11:00  Tempest (Chrono Boost)  
  110  11:02  Tempest (Chrono Boost)  
  114  11:21  Adept x4  
  122  11:26  Immortal  
  124  11:42  Adept x3  
  124  11:43  Adept x4  
  124  11:53  Tempest (Chrono Boost)  
  128  12:05  Immortal  
  132  12:14  Nexus  
  132  12:17  Pylon  
  132  12:19  Pylon  
  132  12:25  Tempest (Chrono Boost)  
  106  12:35  Adept x4  
  106  12:36  Adept x3  
  90  12:44  Observer  
  91  12:56  Adept  
  91  12:57  Adept x6  
  105  13:01  Mothership Core  
  107  13:09  Carrier (Chrono Boost)  
  109  13:18  Carrier (Chrono Boost)  
  109  13:21  Templar Archives  
  109  13:25  Probe x2  
  117  13:27  Probe  
  118  13:47  Immortal, Adept  
  118  13:48  Adept x2  
  128  13:54  Adept x2  
  126  14:26  Immortal  
  100  14:46  Adept x3  
  100  14:47  Adept x4  
  112  15:05  Photon Cannon  
  112  15:06  Photon Cannon  
  116  15:08  Adept x3  
  116  15:09  Photon Cannon  
  115  15:17  Adept x2  
  115  15:18  Adept x2  
Tags
 
Add a new tag
Caveats
  • Supply blocks, unpowered buildings, or Contaminate may cause inaccurate times.
  • Supply counts are checked every 10 seconds.